General information
- name: TNyZe.h4x P:| L:4
- type: Custom game
- host: TNyZe.h4x
- saver: Zith
map: TwistedMeadows
- players: 4
- length: 29:11
- speed: Fast
- version: 1.24 W3XP
- replay type: Public
» download(210 KB)
Players
team 1 (winner)
Zith (
blue | 138 APM | 4018 actions | 29:11)
9 Warden
3 Shadow Strike
3 Blink
1 Spirit of Vengeance
2 Fan of Knives
» actions
| Assign group hotkey | 40 | |
| Basic commands | 21 | |
| Build / train | 90 | |
| Enter build submenu | 17 | |
| Enter hero's abilities submenu | 9 | |
| Give item / drop item | 2 | |
| Remove unit from queue | 2 | |
| Right click | 2096 | |
| Select / deselect | 668 | |
| Select group hotkey | 926 | |
| Use ability | 145 | |
4018 total
» units
| Wisp | 19 | |
| Archer | 5 | |
| Hippogryph | 3 | |
| Druid of the Talon | 4 | |
| Druid of the Claw | 3 | |
| Faerie Dragon | 2 | |
| Chimaera | 8 | |
44 total
» upgrades
| Strength of the Moon | 2 | |
| Improved Bows | 1 | |
| Hippogryph Taming | 1 | |
| Druid of the Talon Training | 2 | |
| Druid of the Claw Training | 2 | |
| Well Spring | 1 | |
| Ultravision | 1 | |
| Strength of the Wild | 2 | |
| Mark of the Claw | 1 | |
| Nature's Blessing | 1 | |
| Reinforced Hides | 1 | |
| Corrosive Breath | 1 | |
16 total
» buildings
| Altar of Elders | 1 | |
| Moon Well | 6 | |
| Ancient of War | 1 | |
| Tree of Ages | 1 | |
| Hunter's Hall | 1 | |
| Ancient of Wonders | 1 | |
| Ancient of Wind | 2 | |
| Tree of Eternity | 1 | |
| Ancient of Lore | 1 | |
| Tree of Life | 2 | |
| Chimaera Roost | 2 | |
19 total
» build order
00:05 Altar of Elders
00:17 Moon Well
00:31 Ancient of War
01:47 Moon Well
02:15 Moon Well
03:14 Tree of Ages
03:44 Hunter's Hall
05:05 Ancient of Wonders
05:37 Ancient of Wind
05:39 Ancient of Wind
07:55 Moon Well
08:12 Tree of Eternity
10:47 Ancient of Lore
11:45 Moon Well
12:55 Tree of Life
16:39 Chimaera Roost
16:41 Chimaera Roost
19:55 Tree of Life
20:15 Moon Well
» items
| Boots of Speed | 1 | |
| Lesser Clarity Potion | 2 | |
| Moonstone | 3 | |
| Potion of Healing | 4 | |
| Potion of Lesser Invulnerability | 2 | |
| Orb of Venom | 1 | |
| Scroll of Town Portal | 2 | |
| Potion of Mana | 1 | |
16 total
team 2 (loser)
DiEoxidE (
brown | 212 APM | 6177 actions | 29:10)
5 Far Seer
3 Feral Spirit
2 Chain Lighting
6 Shadow Hunter
2 Hex
3 Serpent Ward
1 Healing Wave
» actions
| Assign group hotkey | 94 | |
| Basic commands | 511 | |
| Build / train | 78 | |
| Enter build submenu | 15 | |
| Enter hero's abilities submenu | 12 | |
| Give item / drop item | 5 | |
| Right click | 2807 | |
| Select / deselect | 727 | |
| Select group hotkey | 1781 | |
| Use ability | 147 | |
6177 total
» units
| Peon | 11 | |
| Grunt | 6 | |
| Troll Headhunter/Berserker | 12 | |
| Tauren | 4 | |
33 total
» upgrades
| Berserker Strength | 1 | |
| Armor | 1 | |
| Berserker Upgrade | 1 | |
| Pulverize | 1 | |
| Melee Weapons | 1 | |
| Ranged Weapons | 1 | |
| Pillage | 1 | |
7 total
» buildings
| Altar of Storms | 1 | |
| Orc Burrow | 7 | |
| Voodoo Lounge | 1 | |
| Barracks | 2 | |
| Stronghold | 1 | |
| War Mill | 1 | |
| Fortress | 1 | |
| Tauren Totem | 1 | |
| Great Hall | 2 | |
17 total
» build order
00:06 Altar of Storms
00:19 Orc Burrow
01:04 Voodoo Lounge
01:08 Barracks
01:33 Orc Burrow
03:16 Stronghold
04:41 Orc Burrow
05:08 War Mill
05:39 Fortress
06:54 Orc Burrow
08:29 Tauren Totem
12:46 Great Hall
13:47 Orc Burrow
13:50 Orc Burrow
15:29 Barracks
17:00 Orc Burrow
21:26 Great Hall
» items
| Healing Salve | 6 | |
| Lesser Clarity Potion | 6 | |
| Boots of Speed | 1 | |
| Orb of Lightning | 2 | |
| Staff of Teleportation | 1 | |
| Scroll of Town Portal | 3 | |
| Potion of Healing | 3 | |
22 total
refereesTNyZe.h4x,
MooGla Chat log
(00:30 / All) DiEoxidE: gl hf gg etc.
(00:33 / All) Zith: hfhf
(00:36 / All) DiEoxidE: ^^
(00:43 / All) Zith: xD
(07:27 / All) Zith: -.-
(07:30 / All) DiEoxidE: tt
(09:13 / All) Zith: tier3 eh
(09:39 / All) TNyZe.h4x: orb of lightning got 50% chance to purge?
(10:38 / All) Zith: ensnare of the air
(10:39 / All) Zith: ..
(13:53 / All) Zith: cant even blink when purged...
(27:13 / All) MooGla: gogo peon rangers
(29:06 / All) DiEoxidE: lol
(29:07 / All) DiEoxidE: gg
(29:08 / All) Zith: gg